 Seeded DCSS version 0.31.0-32-g396128a36d (webtiles) character file.

Game seed: 4073344203867303942 (custom seed)

14 firemarshallily the Conjurer (level 2, 0/18 HPs)
             Began as an Octopode Conjurer on Mar 11, 2024.
             Slain by an adder (2 damage)
             ... on level 2 of the Dungeon.
             The game lasted 00:01:14 (896 turns).

firemarshallily the Conjurer (Octopode Conjurer)     Turns: 896, Time: 00:01:15

Health: 0/18       AC:  1    Str:  6    XL:     2   Next: 45%
Magic:  3/5        EV: 13    Int: 20    God:
Gold:   77         SH:  0    Dex: 10    Spells: 2/5 levels left

rFire   . . .        e - +2 short sword (flame)
rCold   . . .        (no shield)
rNeg    . . .        (helmet restricted)
rPois   .            (no amulet)
rElec   .            (no ring)
rCorr   .            (no ring)
SInv    .            (no ring)
Will    .....        (no ring)
Stlth   +++          (no ring)
HPRegen 0.23/turn    (no ring)
MPRegen 0.09/turn    (no ring)
                     (no ring)

%: no passive effects
@: lethally poisoned (0 -> -6)
A: almost no armour, amphibious, 8 rings, camouflage 1, gelatinous body 1,
(nimble swimmer 1), tentacles
a: no special abilities


You were on level 2 of the Dungeon.
You visited 1 branch of the dungeon, and saw 2 of its levels.

You collected 77 gold pieces.

Inventory:

Hand Weapons
 e - a +2 short sword of flaming (weapon)
Scrolls
 b - a scroll of identify {unknown}
 c - a scroll of brand weapon {unknown}
Potions
 a - 2 potions of magic


   Skills:
 + Level 0.6 Fighting
 + Level 2.2 Dodging
 - Level 2.6 Stealth
 * Level 2.3 Spellcasting
 + Level 4.1 Conjurations


You had 2 spell levels left.
You knew the following spells:

 Your Spells              Type           Power      Damage    Failure   Level
a - Magic Dart            Conj           72%        1d6       2%          1
b - Searing Ray           Conj           36%        2d5       4%          2

Your spell library contained the following spells:

 Spells                   Type           Power      Damage    Failure   Level
 Freeze                   Ice            8%         1d3       16%         1
 Hailstorm                Conj/Ice       10%        3d6       21%         3
 Frozen Ramparts          Ice            4%         1d1       41%         3
 Fulminant Prism          Conj/Alch      5%         3d7       54%         4
 Iskenderun's Mystic Bla  Conj/Tloc      10%        2d4       54%         4


Dungeon Overview and Level Annotations

Branches:
Dungeon (2/15)

Altars:


Innate Abilities, Weirdness & Mutations

You cannot wear most types of armour.
You are amphibious.
You can wear up to eight rings at the same time.
Your skin changes colour to match your surroundings (Stealth+).
Your rubbery body absorbs attacks. (AC +1, EV +1)
((You are camouflaged when in or above water. (Stealth+)))
You have tentacles for arms and can constrict up to eight enemies at once.


Message History

You see here a +0 club.
Done exploring.
Done exploring.
There is a stone staircase leading down here.
You climb downwards.
The adder hisses angrily.
Found 10 gold pieces.
There is a stone staircase leading up here.
The magic dart hits the adder.
The adder is moderately wounded.
The adder barely misses you.
The magic dart hits the adder.
The adder is heavily wounded.
The adder bites you.
You closely miss the adder. Your grab misses the adder.
You squeeze the adder, but do no damage.
The adder is heavily wounded.
The adder bites you.
You are poisoned.
The adder poisons you!
You barely miss the adder. Your grab misses the adder.
Your squeeze misses the adder.
The adder is heavily wounded.
You feel sick. The adder bites you. x2
You are lethally poisoned!
The adder poisons you!
You barely miss the adder. Your grab misses the adder.
The adder is heavily wounded.
You feel very sick. The adder bites you.
* * * LOW HITPOINT WARNING * * *
As you read the scroll labelled CUCVURYAREI, it crumbles to dust.
You hear a loud clanging noise!
It was a scroll of noise.
* * * LOW HITPOINT WARNING * * *
You feel sick.
You hear a shout!
You hear a loud squeak.
You hear a shout! x2
You hear a loud squeak.
You hear a shout! x3
The adder bites you.
You die...

8....w...#
.........#
#.......####
#..........#
........8.#
.......
#..S# #.@$#
#...# #####


You could see a ribbon worm and an adder.

Vanquished Creatures
  4 ball pythons (D:1)
  An endoplasm (D:1)
  A giant cockroach (D:1)
  A goblin (D:1)
  2 bats (D:1)
  2 kobolds (D:1)
  2 rats (D:1)
13 creatures vanquished.

Notes
Turn   | Place    | Note
-------+----------+-------------------------------------------
     0 | D:1      | firemarshallily the Octopode Conjurer began the quest for
                  | the Orb.
     0 | D:1      | Reached XP level 1. HP: 11/11 MP: 3/3
   186 | D:1      | Reached XP level 2. HP: 18/18 MP: 1/5
   249 | D:1      | Learned a level 2 spell: Searing Ray
   896 | D:2      | Slain by an adder

Illustrated notes

Levels and vault maps discovered:
D:1:      saegor_arrival_simple_a, layout_loops_ring
D:2:      layout_rooms, nicolae_elevator_lobby_asterisk, uniq_crazy_yiuf_cottage

Action                     || total
---------------------------++-------
  Melee: Unarmed           ||     1
         Short sword       ||     3
         Tentacles         ||     1
   Cast: Magic Dart        ||    27
    Use: Scroll            ||     1
 Armour: Skin              ||    10
  Dodge: Dodged            ||     2
